 Dungeon Crawl Stone Soup version 0.27-a0-1358-ga0a28fc8c3 (webtiles) character file.

Game seed: 9182964940940230783

91 Delamore the Sneak (level 4, -2/29 HPs)
             Began as an Octopode Brigand on June 28, 2021.
             Frozen to death by an endoplasm (4 damage)
             ... on level 2 of the Dungeon.
             The game lasted 00:02:04 (2498 turns).

Delamore the Sneak (Octopode Brigand)               Turns: 2498, Time: 00:02:05

Health: -2/29      AC:  1    Str: 10    XL:     4   Next: 59%
Magic:  13/13      EV: 12    Int: 13    God:
Gold:   121        SH:  0    Dex: 14    Spells: 3/3 levels left

rFire    . . .     SeeInvis +   a - +2 dagger
rCold    . . .     Faith    .   (no shield)
rNeg     . . .     Spirit   .   (helmet restricted)
rPois    .         Reflect  .   (no amulet)
rElec    .         Harm     .   e - ring of magical power
rCorr    .         Rampage  .   i - ring of see invisible
Will     .....                  (no ring)
Stlth    +++++.....             (no ring)
HPRegen  0.09/turn              (no ring)
MPRegen  0.13/turn              (no ring)
                                (no ring)
                                (no ring)

@: brilliant, hasted, very quick
A: almost no armour, amphibious, 8 rings, camouflage 1, gelatinous body 1,
(nimble swimmer 1), tentacles
a: no special abilities


You were on level 2 of the Dungeon.
You visited 1 branch of the dungeon, and saw 3 of its levels.

You collected 121 gold pieces.

Inventory:

Hand Weapons
 a - a +2 dagger (weapon)
Missiles
 b - 25 poisoned darts (quivered)
 c - 2 curare-tipped darts
Jewellery
 e - a ring of magical power (left tentacle)
 i - a ring of see invisible (right tentacle)
Scrolls
 h - a scroll of immolation {unknown}
Potions
 f - a potion of attraction {unknown}
 g - a potion of brilliance
 j - a potion of berserk rage {unknown}


   Skills:
 + Level 2.2 Fighting
 + Level 2.4 Short Blades
 - Level 2.0 Throwing
 - Level 1.0 Dodging
 + Level 7.6 Stealth


You had 3 spell levels left.
You didn't know any spells.
Your spell library was empty.

Dungeon Overview and Level Annotations

Branches:
Dungeon (3/15)

Altars:


Innate Abilities, Weirdness & Mutations

You cannot wear most types of armour.
You are amphibious.
You can wear up to eight rings at the same time.
Your skin changes colour to match your surroundings (Stealth+).
Your rubbery body absorbs attacks. (AC +1, EV +1)
((You are camouflaged near water. (Stealth+)))
You have tentacles for arms and can constrict up to eight enemies at once.


Message History

You constrict the adder.
You kill the adder!
The endoplasm freezes you.
You are frozen.
You hit the orc. You grab the orc.
The orc is heavily wounded.
You constrict the orc, but do no damage.
The endoplasm misses you.
The orc hits you with a +0 falchion of holy wrath.
The orc barely misses you.
You hit the orc but do no damage.
The orc is heavily wounded.
You constrict the orc, but do no damage.
The endoplasm hits you. The orc hits you but does no damage. x2
You are too injured to fight recklessly!
You are too injured to fight recklessly!
You are too injured to fight recklessly!
You are too injured to fight recklessly!
You are too injured to fight recklessly!
You release your grip on the orc.
The endoplasm closely misses you. The endoplasm misses you.
The orc hits you with a +0 falchion of holy wrath.
There is an escape hatch in the ceiling here.
The orc hits you with a +0 club.
* * * LOW HITPOINT WARNING * * *
The endoplasm freezes you.
You are frozen.
* * * LOW HITPOINT WARNING * * *
The orc misses you. A mysterious force pulls you upwards.
The hatch slams shut behind you.
Okay, then.
It was a potion of brilliance.
You feel clever all of a sudden. The endoplasm freezes you.
You are frozen.
* * * LOW HITPOINT WARNING * * *
It was a potion of haste.
You feel yourself speed up. The endoplasm freezes you.
You are frozen.
You die...

#........>#####......
#.......### #......
#.......########....#
##########.......##.#
#.#####..#.#
#######........#.#
#........####..#.#
#J######.##......#
#@# #.##.#..###
#####o# #.##.####
#<..o.# #.##.#
####### #.##.# #.##.#
#....# ######


You could see 2 orcs and an endoplasm.

Vanquished Creatures
  2 adders
  A dart slug (D:2)
  3 orcs
  7 bats
  4 endoplasms
  4 giant cockroaches
  8 goblins
  6 hobgoblins
  2 jackals (D:2)
  5 quokkas
  5 ball pythons
  A frilled lizard (D:2)
  6 kobolds
  8 rats
62 creatures vanquished.

Notes
Turn   | Place    | Note
-------+----------+-------------------------------------------
     0 | D:1      | Delamore the Octopode Brigand began the quest for the Orb.
     0 | D:1      | Reached XP level 1. HP: 14/14 MP: 1/1
    56 | D:1      | Found a faded altar of an unknown god.
   330 | D:1      | Reached XP level 2. HP: 19/19 MP: 2/2
   569 | D:1      | Reached skill level 6 in Stealth
  1061 | D:1      | Reached XP level 3. HP: 24/24 MP: 3/3
  2001 | D:2      | Reached skill level 7 in Stealth
  2012 | D:2      | Reached XP level 4. HP: 29/29 MP: 4/4
  2498 | D:2      | Frozen to death by an endoplasm

Illustrated notes

Levels and vault maps discovered:
D:1:      dpeg_arrival_arbitrary_a, layout_loops_ring, basic_ecumenical_altar,
          grunt_decor_junction, st_stairs_12, minmay_tetromino_l4
D:2:      layout_basic, minmay_circle_x
D:3:      minmay_skewed_foursquare, layout_basic

Skill      XL: |  1  2  3 |
---------------+----------+-----
Stealth        | 6 7 |  7.6
Fighting       | |  2.2
Short Blades   | |  2.4
Throwing       | |  2.0
Dodging        | |  1.0

Action                   |  1- 3 |  4- 6 || total
-------------------------+-------+-------++-------
Melee: Dagger            |    76 |    26 ||   102
       Constrict         |    19 |     6 ||    25
       Tentacles         |    11 |     4 ||    15
Throw: Dart              |     1 |       ||     1
  Use: Scroll            |     2 |       ||     2
       Potion            |       |     2 ||     2
 Stab: Sleeping          |    23 |     7 ||    30
Armor: Skin              |     2 |     3 ||     5
Dodge: Dodged            |    36 |    20 ||    56

Table legend: (Time is in decaauts)
 A = Elapsed time spent in this place.
 B = Non-inter-level travel time spent in this place.
 C = Inter-level travel time spent in this place.
 D = Time resting spent in this place.
 E = Time spent auto-exploring this place.
 F = Levels seen in this place.
 G = Mean time per level.
                   A        B        C        D        E       F      G
               +--------+--------+--------+--------+--------+-----+--------+
         Total |   2486 |   2448 |     38 |    151 |   1939 |   3 |  828.7 |
       Dungeon |   2486 |   2448 |     38 |    151 |   1939 |   3 |  828.7 |
               +--------+--------+--------+--------+--------+-----+--------+

Top non-repeatable levels by time:
     D:1: 1534 daAuts
     D:2: 773 daAuts
     D:3: 177 daAuts
